[Event "Team 45 45 League T31"]
[Site "Internet Chess Club"]
[Date "2006.07.17"]
[Round "4"]
[White "GolferBob"]
[Black "buzzard"]
[Result "0-1"]
[WhiteElo "1666"]
[BlackElo "1565"]
[TimeControl "2700+45"]

1. d4 Nf6 2. Nf3 g6 3. c4 c5 4. d5 d6 5. Nc3 Bg7 6. Bg5 O-O 7. e4 e5 8. Be2 h6
9. Bd2 Nh7 10. Qc1 f5 11. Bxh6 f4 12. Bxg7 Kxg7 13. h4 Rh8 14. Qd2 Bg4 15. O-O-O
Na6 16. a3 Nc7 17. Rdg1 Qf6 18. Qd1 Bd7 19. g4 g5 20. h5 Kh6 21. Nd2 a6 22. f3
b5 23. cxb5 axb5 24. Qf1 Rhb8 25. Ndb1 Qd8 26. Rh2 Qc8 27. Bd3 Qb7 28. Rd2 Nf6
29. Qf2 b4 30. axb4 cxb4 31. Ne2 Ba4 32. Rg2 Rc8 33. Rc2 Bxc2 34. Bxc2 b3 35.
Bd3 Ncxd5+ 36. Nec3 Nxc3 37. Nxc3 Ra2 38. Qd2 Qb4 39. Re2 Ra1+ 40. Bb1 Qd4 41.
Re1 Rxb1+ {White resigns} 0-1  aics%

[Event "Team 45 45 League T31"]
[Site "Internet Chess Club"]
[Date "2006.07.15"]
[Round "4"]
[White "Migs-19"]
[Black "allanchs"]
[Result "1-0"]
[WhiteElo "1579"]
[BlackElo "1552"]
[TimeControl "2700+45"]

1. d4 d5 2. c4 e6 3. Nc3 Nf6 4. Bg5 Be7 5. Nf3 Nbd7 6. e3 O-O 7. Bd3 c6 8. O-O
dxc4 9. Bxc4 Nd5 10. Bxe7 Qxe7 11. Rc1 Nxc3 12. bxc3 e5 13. Rb1 e4 14. Nd2 Nf6
15. Qc2 Bf5 16. a4 Rfd8 17. a5 Nd5 18. Rfc1 Rab8 19. Qa2 Qg5 20. Nb3 Bh3 21. Bf1
Be6 22. Nc5 Nxc3 23. Nxe6 Nxa2 24. Nxg5 Nxc1 25. Rxc1 Rd5 26. Nxe4 Rxa5 27. Rb1
Ra3 28. Nc5 b6 29. Nd7 Rd8 30. Ne5 Rc8 31. Bc4 Rc7 32. Kf1 Kf8 33. Ke2 Rc3 34.
Kd2 Ra3 35. Rb2 f6 36. Nf3 Ra4 37. Bd3 g6 38. Rc2 Ra5 39. Be4 c5 40. dxc5 Raxc5
41. Rxc5 Rxc5 42. Nd4 Re5 43. Bd3 Ra5 44. h4 Ra2+ 45. Ke1 Ke7 46. g4 Ra1+ 47.
Ke2 Ra5 48. Nc6+ {Black resigns} 1-0  aics%

[Event "Team 45 45 League T31"]
[Site "Internet Chess Club"]
[Date "2006.07.16"]
[Round "4"]
[White "rh40"]
[Black "heh"]
[Result "1-0"]
[WhiteElo "1610"]
[BlackElo "1501"]
[TimeControl "2700+45"]

1. e4 e5 2. Nf3 d6 3. d4 exd4 4. Nxd4 Nf6 5. Nc3 c6 6. Bg5 Be7 7. Qd2 O-O 8.
O-O-O c5 9. Nf3 Be6 10. Bxf6 Bxf6 11. Nd5 Bxd5 12. Qxd5 Qb6 13. Qb3 Qc6 14. Bc4
Qxe4 15. Bd5 Qf4+ 16. Kb1 Nc6 17. g3 Qb4 18. Bxc6 bxc6 19. Qxb4 cxb4 20. Rxd6 c5
21. Rhd1 c4 22. Rc6 c3 23. b3 a5 24. Rc4 Rfd8 25. Rxd8+ Rxd8 26. Kc1 h6 27. Ne1
Rd2 28. Nd3 Re2 29. Rc8+ Kh7 30. Ra8 Bg5+ 31. f4 Bf6 32. Rxa5 Rxh2 33. Kd1 Rg2
34. Nxb4 Rxg3 35. Nd5 Bd4 36. Ra4 Bf2 37. Ke2 Bg1 38. Kf1 h5 39. Rc4 h4 40. Rxc3
Rxc3 41. Nxc3 Be3 42. Nd5 Bc5 43. b4 Bd6 44. a4 Kg6 45. a5 Kf5 46. a6 Bb8 47.
Ne7+ Kxf4 48. Nc6 Ba7 49. Nxa7 Kg3 50. Kg1 h3 51. Nc6 h2+ 52. Kh1 f5 53. a7 f4
54. Nd4 {Black resigns} 1-0  aics%

[Event "Team 45 45 League T31"]
[Site "Internet Chess Club"]
[Date "2006.07.16"]
[Round "4"]
[White "AVEMARIA"]
[Black "OnFire"]
[Result "1-0"]
[WhiteElo "1680"]
[BlackElo "1672"]
[TimeControl "2700+45"]

1. e4 e5 2. Nf3 Nc6 3. Bb5 a6 4. Ba4 Nf6 5. O-O Nxe4 6. d4 b5 7. Bb3 d5 8. dxe5
Be6 9. Nbd2 Nc5 10. a4 Be7 11. Qe2 b4 12. Rd1 O-O 13. Ba2 Bg4 14. Nb3 Nxa4 15.
Nbd4 Nxd4 16. Rxd4 Nb6 17. Rxg4 h5 18. Rg3 Bc5 19. Bh6 {Black resigns} 1-0 
aics%

[Event "Team 45 45 League T31"]
[Site "Internet Chess Club"]
[Date "2006.07.14"]
[Round "4"]
[White "ElmerHo"]
[Black "jazzyrick"]
[Result "1-0"]
[WhiteElo "1597"]
[BlackElo "1632"]
[TimeControl "2700+45"]

1. e4 c5 2. Nf3 d6 3. d4 cxd4 4. Nxd4 Nf6 5. Nc3 a6 6. f3 e6 7. Be3 Be7 8. Qd2
b5 9. g4 Bb7 10. O-O-O Qc7 11. Kb1 Nc6 12. g5 Nd7 13. h4 b4 14. Nce2 a5 15. Nb5
Qb8 16. Nxd6+ Bxd6 17. Qxd6 Qxd6 18. Rxd6 Nde5 19. Nd4 Nc4 20. Bxc4 Ke7 21. Nb5
Ne5 22. Be2 Bc6 23. Rdd1 {Black resigns} 1-0  aics%

[Event "Team 45 45 League T31"]
[Site "Internet Chess Club"]
[Date "2006.07.19"]
[Round "4"]
[White "DynamoKyiv"]
[Black "Bowlomeat"]
[Result "0-1"]
[WhiteElo "1474"]
[BlackElo "1555"]
[TimeControl "2700+45"]

1. e4 e5 2. Nf3 Nc6 3. Bb5 a6 4. Ba4 Nf6 5. O-O b5 6. Bb3 Bc5 7. c3 d6 8. a4 Bg4
9. h3 Bxf3 10. Qxf3 Na5 11. Bc2 O-O 12. d3 c6 13. Nd2 Qd7 14. Nb3 Nxb3 15. Bxb3
d5 16. Bg5 dxe4 17. dxe4 Be7 18. Rad1 Qc7 19. Qg3 Nxe4 {White resigns} 0-1 
aics%

[Event "Team 45 45 League T31"]
[Site "Internet Chess Club"]
[Date "2006.07.14"]
[Round "4"]
[White "Invicta-Knight"]
[Black "ChessZak"]
[Result "0-1"]
[WhiteElo "1472"]
[BlackElo "1475"]
[TimeControl "2700+45"]

1. e4 c5 2. Nc3 Nc6 3. f4 g6 4. Nf3 Bg7 5. Bc4 e6 6. O-O Nge7 7. Nb5 d5 8. exd5
exd5 9. Be2 a6 10. Nc3 d4 11. Ne4 Qd5 12. d3 Bf5 13. Ned2 O-O 14. Nc4 Rab8 15.
Ng5 b5 16. Bf3 Qd7 17. Nd2 h6 18. Nge4 Bxe4 19. Nxe4 c4 20. Nf2 Nf5 21. Re1 Rfe8
22. Bg4 Rxe1+ 23. Qxe1 Re8 24. Qf1 Re7 25. Ne4 Nb4 26. Qd1 cxd3 27. cxd3 Qe8 28.
Be2 Qd8 29. a3 Nd5 30. g4 Nfe3 31. Bxe3 Nxe3 32. Qb3 Qa8 33. Bf3 Qb8 34. Rc1
Qxf4 35. Nd2 Nxg4 36. Rc8+ Kh7 37. Bxg4 Qxg4+ {White resigns} 0-1  aics%

[Event "Team 45 45 League T31"]
[Site "Internet Chess Club"]
[Date "2006.07.13"]
[Round "4"]
[White "ChessAddict"]
[Black "Phosphorus"]
[Result "1/2-1/2"]
[WhiteElo "2115"]
[BlackElo "2201"]
[TimeControl "2700+45"]

1. d4 Nf6 2. c4 g6 3. Nc3 Bg7 4. e4 d6 5. Nf3 O-O 6. Be2 e5 7. d5 Na6 8. Nd2 h5
9. h4 Nh7 10. Nf3 f5 11. exf5 Bxf5 12. Be3 Nc5 13. Qd2 a5 14. O-O-O b6 15. Rdg1
Qd7 16. Ng5 Nf6 17. f3 a4 18. g4 hxg4 19. fxg4 Nxg4 20. Bxc5 bxc5 21. h5 Rab8
22. hxg6 Nf2 23. Rh7 Bxg6 24. Rxg7+ Qxg7 25. Ne6 Qh7 26. Qg5 Kf7 27. Rf1 Kg8 28.
Rg1 {Game drawn by mutual agreement} 1/2-1/2  aics%

[Event "Team 45 45 League T31"]
[Site "Internet Chess Club"]
[Date "2006.07.19"]
[Round "4"]
[White "martineden"]
[Black "Ser-Enigma"]
[Result "0-1"]
[WhiteElo "1976"]
[BlackElo "2083"]
[TimeControl "2700+45"]

1. d4 Nf6 2. c4 c5 3. d5 b5 4. cxb5 a6 5. bxa6 Bxa6 6. Nc3 g6 7. g3 Bg7 8. Bg2
d6 9. Rb1 Nbd7 10. Nh3 O-O 11. O-O Qa5 12. Re1 Nb6 13. a3 c4 14. Bd2 Bb7 15. e4
Nfd7 16. Ne2 Qa4 17. Bc3 Ne5 18. f4 Nd3 19. Bxg7 Kxg7 20. Rf1 Ba6 21. Nf2 Rfb8
22. Nc3 Qa5 23. e5 Qc5 24. Qe2 Ra7 25. Be4 Rab7 26. b4 Qd4 27. Qd2 Nd7 28. Bxd3
cxd3 29. Rfe1 Rc7 30. Rbc1 dxe5 31. Re4 Qa7 32. fxe5 f5 33. Ree1 Rc4 34. Kg2 Qc7
35. Nxd3 Rd4 36. Ne2 Rc4 37. Qg5 Nxe5 38. Nef4 Qd6 39. Rxc4 Nf7 40. Ne6+ Kh8 41.
Qc1 Qxd5+ 42. Kf2 Bxc4 43. Qc3+ Ne5 44. Rxe5 Qxd3 45. Qxd3 Bxd3 46. Rd5 Bc4 47.
Rd8+ Rxd8 48. Nxd8 Bb5 49. Ke3 Kg7 50. Ne6+ Kf6 51. Nd4 Ba4 52. b5 e5 53. Nf3
Bxb5 54. Nd2 g5 55. Nb3 f4+ 56. gxf4 gxf4+ 57. Kf3 Bc6+ 58. Kg4 f3 59. Nd2 e4
60. Kg3 Ke5 61. Nf1 Kd4 62. Kf2 h5 63. h4 Bb5 64. Ne3 Ke5 65. Kg3 Bc6 66. Kf2
Kf4 67. Nc4 Bd5 68. Ne3 Bb3 69. Nf1 Kg4 70. Nd2 Bd5 71. a4 Kxh4 72. a5 Kg4 73.
Ke3 Kg3 74. a6 Kg2 75. Nxe4 Bxe4 76. Kxe4 f2 77. a7 f1=Q 78. a8=Q Qf3+ {White
resigns} 0-1  aics%

[Event "Team 45 45 League T31"]
[Site "Internet Chess Club"]
[Date "2006.07.14"]
[Round "4"]
[White "mike0897"]
[Black "Boromir"]
[Result "1-0"]
[WhiteElo "1986"]
[BlackElo "1883"]
[TimeControl "2700+45"]

1. c4 b6 2. Nf3 Bb7 3. d4 e6 4. Nc3 Nf6 5. a3 d5 6. Bg5 Be7 7. Bxf6 Bxf6 8. cxd5
exd5 9. e3 O-O 10. Bd3 c5 11. O-O Nc6 12. dxc5 bxc5 13. Nxd5 Be5 14. Nc3 Qf6 15.
Ne4 Qh6 16. Qc2 Bc7 17. Qxc5 Bb6 18. Qg5 Qxg5 19. Nexg5 h6 20. Ne4 Rad8 21. Rfd1
Rfe8 22. Nc3 Ne5 23. Nxe5 Rxe5 24. Bc2 Kf8 25. Rxd8+ Bxd8 26. Rd1 Ke7 27. Kf1
Bc7 28. b4 Rg5 29. Ne4 Bxe4 30. Bxe4 Re5 31. Bf3 Re6 32. a4 Rb6 33. b5 Rd6 34.
Rc1 Bb6 35. Ke2 Ba5 36. Rc2 f6 37. Bc6 Ke6 38. Kf3 Rd2 39. Rc4 Rd6 40. Rg4 Kf7
41. h4 g5 42. hxg5 hxg5 43. Rg3 Ke6 44. Rh3 Bb6 45. Rh7 Rd8 46. a5 Bxa5 47. Rxa7
Bb6 48. Ra6 Rb8 49. Kg4 Ke5 50. f4+ Ke6 51. fxg5 fxg5 52. e4 Be3 53. Bd5+ Ke5
54. Re6+ Kd4 55. b6 Kc5 56. b7 {Black resigns} 1-0  aics%

[Event "Team 45 45 League T31"]
[Site "Internet Chess Club"]
[Date "2006.07.16"]
[Round "4"]
[White "JohnnySP"]
[Black "MehmetBulent"]
[Result "0-1"]
[WhiteElo "1828"]
[BlackElo "1866"]
[TimeControl "2700+45"]

1. e4 c5 2. Nf3 d6 3. d4 cxd4 4. Nxd4 Nf6 5. Nc3 a6 6. Be3 e6 7. f3 Be7 8. g4 b5
9. Qd2 Qc7 10. O-O-O Bb7 11. Bxb5+ axb5 12. Ndxb5 Qc6 13. Nxd6+ Bxd6 14. Qxd6
Qxd6 15. Rxd6 Na6 16. Rhd1 O-O 17. Bb6 Rfc8 18. b3 Ne8 19. Rd8 Rxd8 20. Rxd8
Rxd8 21. Bxd8 f5 22. gxf5 exf5 23. Nd5 Kf7 24. c4 Ke6 25. Kd2 fxe4 26. fxe4 Kd7
27. Bb6 Nac7 28. b4 Nxd5 29. exd5 Nf6 30. Kd3 Ng4 31. h4 Ne5+ 32. Kc3 Nf3 33.
Bf2 g5 34. hxg5 Nxg5 35. a4 Ne4+ {White resigns} 0-1  aics%  STCRobot(TD)(90):
Registration is now open for the Sunday Swiss. In three sections (b/oe), Open,
U1900 and U1600. Please send one message only to stc-td with join <section> to
register. set noescape 0 and read the help file stc-rules. Expect play to
continue to around 1800 server time. aics%

[Event "Team 45 45 League T31"]
[Site "Internet Chess Club"]
[Date "2006.07.16"]
[Round "4"]
[White "sogtulakk"]
[Black "OhioPlayer"]
[Result "1-0"]
[WhiteElo "2099"]
[BlackElo "1813"]
[TimeControl "2700+45"]

1. d4 d5 2. c4 c6 3. Nc3 e6 4. e3 Nf6 5. Nf3 Nbd7 6. Bd3 dxc4 7. Bxc4 b5 8. Bd3
a6 9. O-O Be7 10. e4 O-O 11. Qc2 g6 12. a4 Bb7 13. e5 Ne8 14. Bh6 Ng7 15. Ne4
Re8 16. Bg5 Qc7 17. Bxe7 Rxe7 18. Nd6 Qb6 19. a5 Qc7 20. Be4 f5 21. exf6 Nxf6
22. Nxb7 Nxe4 23. Qxe4 Qxb7 24. Rfc1 Rc8 25. Ne5 Rec7 26. Rc5 Nf5 27. Rac1 Nd6
28. Qg4 Nf5 29. R1c3 Kg7 30. Rh3 Rd8 31. Rxh7+ Kxh7 32. Qxg6+ Kh8 33. Qf6+ Kh7
34. Qxd8 {Black resigns} 1-0  aics%

[Event "Team 45 45 League T31"]
[Site "Internet Chess Club"]
[Date "2006.07.15"]
[Round "4"]
[White "alexcolins"]
[Black "marson"]
[Result "0-1"]
[WhiteElo "1805"]
[BlackElo "2002"]
[TimeControl "2700+45"]

1. d4 e6 2. Nf3 d5 3. e3 c5 4. b3 cxd4 5. exd4 Nf6 6. Bd3 Bd6 7. O-O h6 8. Re1
O-O 9. Bb2 Nc6 10. Nbd2 Bd7 11. a3 Qb6 12. c4 Bb8 13. c5 Qc7 14. Ne5 Nxe5 15.
dxe5 Nh7 16. Rc1 f5 17. exf6 Qxh2+ 18. Kf1 Nxf6 19. Nf3 Qh1+ 20. Ke2 Qxg2 21.
Rg1 Qh3 22. Qc2 Ng4 23. Rxg4 Qxf3+ 24. Kd2 Qxg4 25. Bh7+ Kh8 26. Rh1 {White
resigns} 0-1  aics%

[Event "Team 45 45 League T31"]
[Site "Internet Chess Club"]
[Date "2006.07.14"]
[Round "4"]
[White "Stroggs"]
[Black "deathmage"]
[Result "1-0"]
[WhiteElo "1892"]
[BlackElo "1697"]
[TimeControl "2700+45"]

1. d4 Nf6 2. Nf3 b6 3. Nbd2 Bb7 4. e3 e6 5. Bd3 Be7 6. O-O d5 7. Ne5 Nbd7 8. f4
O-O 9. Qf3 c5 10. c3 cxd4 11. exd4 a5 12. a4 Qc7 13. b3 Nxe5 14. fxe5 Ne4 15.
Bxe4 dxe4 16. Qh3 Rac8 17. Bb2 Bg5 18. Nc4 Ba6 19. Nd6 Bxf1 20. Rxf1 Rb8 21.
Nxe4 Be7 22. Rf3 b5 23. Nf6+ Bxf6 24. exf6 Qc6 25. Qg4 g6 26. Qg5 Kh8 27. Qh6
Rg8 28. Rh3 {Black resigns} 1-0  aics%

[Event "Team 45 45 League T31"]
[Site "Internet Chess Club"]
[Date "2006.07.22"]
[Round "4"]
[White "chickenhead"]
[Black "Amauta"]
[Result "1/2-1/2"]
[WhiteElo "1909"]
[BlackElo "1917"]
[TimeControl "2700+45"]

1. c4 f5 2. d4 Nf6 3. Nc3 e6 4. Bg5 Be7 5. e3 O-O 6. Nf3 c6 7. Be2 d5 8. O-O
Nbd7 9. Rc1 h6 10. Bxf6 Nxf6 11. Ne5 Qe8 12. a3 Bd6 13. b4 Bxe5 14. dxe5 Ne4 15.
Bh5 Qe7 16. Ne2 Rd8 17. c5 a5 18. Nf4 axb4 19. axb4 Ra3 20. Qd4 Bd7 21. f3 Ng5
22. Ng6 Qf7 23. Ra1 Rda8 24. Rxa3 Rxa3 25. Ra1 Ra6 26. Rxa6 bxa6 27. Qa1 Bc8 28.
h4 Nh7 29. Nf4 Qc7 30. Ne2 Nf8 31. f4 g6 32. Bf3 Qe7 33. Qe1 a5 34. g3 axb4 35.
Qxb4 Nd7 36. Nd4 Qxc5 37. Qxc5 Nxc5 38. Nxc6 {Game drawn by mutual agreement}
1/2-1/2  aics%

[Event "Team 45 45 League T31"]
[Site "Internet Chess Club"]
[Date "2006.07.16"]
[Round "4"]
[White "burnsja2003"]
[Black "room-matt"]
[Result "0-1"]
[WhiteElo "1758"]
[BlackElo "1926"]
[TimeControl "2700+45"]

1. d4 Nf6 2. c4 e5 3. dxe5 Ng4 4. Nf3 Nc6 5. e3 Ngxe5 6. Nxe5 Nxe5 7. a3 Be7 8.
Be2 O-O 9. O-O Re8 10. Nd2 b6 11. Nf3 Bf6 12. Nxe5 Bxe5 13. Bf3 Rb8 14. Rb1 Qh4
15. g3 Qxc4 16. Bd5 Qb5 17. b4 c6 18. Bb3 d5 19. Bd2 Bd7 20. Bc2 Rbc8 21. Be1
Qa6 22. Bd2 g6 23. a4 c5 24. b5 Qb7 25. Qf3 Be6 26. Qe2 d4 27. f4 Bg7 28. e4
Red8 29. Qf3 c4 30. Bb4 d3 31. Bd1 Bd4+ 32. Kh1 a5 33. Ba3 h5 34. Qg2 c3 35. Bf3
Bc5 36. e5 Qe7 37. Bxc5 Qxc5 38. Rbc1 d2 39. Rc2 Bb3 40. Rcc1 dxc1=Q 41. Rxc1
Rd2 {White resigns} 0-1  aics%

[Event "Team 45 45 League T31"]
[Site "Internet Chess Club"]
[Date "2006.07.14"]
[Round "4"]
[White "upturnedcircle"]
[Black "rabanito"]
[Result "1-0"]
[WhiteElo "1762"]
[BlackElo "1559"]
[TimeControl "2700+45"]

1. d4 d5 2. c4 c6 3. cxd5 cxd5 4. Nc3 Nf6 5. Nf3 Nc6 6. Bf4 e6 7. e3 Bb4 8. Bd3
Bd7 9. O-O a6 10. Rc1 Bxc3 11. Rxc3 Ne4 12. Bxe4 dxe4 13. Ne5 O-O 14. a3 Ne7 15.
Nxd7 Qxd7 16. Rc7 Qd8 17. Rxb7 Nd5 18. Be5 Qc8 19. Qg4 g6 20. Rb3 f6 21. Bd6 f5
22. Qg5 Qd8 23. Qxd8 Rfxd8 24. Be5 Rdc8 25. Rb7 Rc2 26. Rg7+ Kh8 27. Rxg6+
{Black resigns} 1-0  aics%

[Event "Team 45 45 League T31"]
[Site "Internet Chess Club"]
[Date "2006.07.14"]
[Round "4"]
[White "allanchs"]
[Black "nursey"]
[Result "1/2-1/2"]
[WhiteElo "1568"]
[BlackElo "1639"]
[TimeControl "2700+45"]

1. e4 e6 2. Nc3 d5 3. d4 Nf6 4. e5 Nfd7 5. f4 c5 6. Nf3 Nc6 7. Be3 Qb6 8. Rb1
Nxd4 9. Nxd4 cxd4 10. Bxd4 Bc5 11. Na4 Qa5+ 12. c3 Bxd4 13. Qxd4 b5 14. Nc5 Qxa2
15. Bd3 O-O 16. O-O Nxc5 17. Qxc5 Bd7 18. f5 Rac8 19. Qe3 exf5 20. Qg5 Rfe8 21.
Bxf5 h6 22. Qg4 Bxf5 23. Qxf5 Rc7 24. Qd3 Qc4 25. Qf3 Qc5+ 26. Kh1 Rxe5 27. Rfd1
a5 28. b4 axb4 29. cxb4 Qc3 30. Qf4 Re2 31. Rbc1 Rd2 32. h3 Rd4 33. Rxd4 Qxc1+
34. Qxc1 Rxc1+ 35. Kh2 Rc4 36. Rxd5 Rxb4 37. Rd8+ Kh7 38. Rb8 Kg6 39. Kg3 Kf5
40. Rb7 Rb3+ 41. Kf2 Ke6 42. Rb6+ Ke5 43. Rb7 Rb2+ 44. Kf3 Rb1 45. Kg3 Ke6 46.
Rb6+ Kf5 47. Rb7 Kf6 48. Rb6+ Kg5 49. Rb7 Rb3+ 50. Kf2 Kf6 51. Rb6+ Ke7 52. Rb7+
Ke8 53. Rb8+ Kd7 54. Rb7+ Ke6 55. Rb6+ Kd5 56. Rb7 Rb2+ 57. Kf3 Rb1 58. Kg3 b4
59. Rxf7 g6 60. Rf6 b3 61. Rxg6 h5 62. Rg8 Kd4 63. Rc8 b2 64. Rd8+ Ke4 65. Re8+
{Game drawn by mutual agreement} 1/2-1/2  aics%

[Event "Team 45 45 League T31"]
[Site "Internet Chess Club"]
[Date "2006.07.14"]
[Round "4"]
[White "JustinSane"]
[Black "NotSoGreat"]
[Result "0-1"]
[WhiteElo "2174"]
[BlackElo "2329"]
[TimeControl "2700+45"]

1. d4 Nf6 2. Bf4 g6 3. e3 Bg7 4. Be2 d6 5. h3 O-O 6. Nf3 Nfd7 7. c4 e5 8. Bg3 e4
9. Nfd2 f5 10. Nc3 Nc6 11. Nd5 Nb6 12. Rc1 h6 13. Nb1 g5 14. Nbc3 f4 15. Bh2 Ne7
16. Nxb6 axb6 17. Qc2 Nf5 18. O-O Kh8 19. a3 f3 20. gxf3 exf3 21. Bd3 Nh4 22. c5
Qd7 23. Rfd1 Qxh3 24. Bf1 Qg4+ 25. Kh1 bxc5 26. dxc5 Nf5 27. cxd6 Qh5 28. Kg1
Nxe3 29. Qd3 Nxd1 30. Rxd1 Bf5 31. Qb5 cxd6 32. Rxd6 Rae8 {White resigns} 0-1 
aics%

[Event "Team 45 45 League T31"]
[Site "Internet Chess Club"]
[Date "2006.07.16"]
[Round "4"]
[White "kabindra"]
[Black "fileman"]
[Result "1-0"]
[WhiteElo "1912"]
[BlackElo "1918"]
[TimeControl "2700+45"]

1. e4 Nc6 2. d4 e5 3. d5 Nce7 4. Nf3 Ng6 5. Nc3 Bc5 6. Bg5 f6 7. Bd2 a5 8. a3 d6
9. Be2 Bd7 10. h4 N8e7 11. h5 Nf8 12. Nh4 Qc8 13. Bb5 h6 14. Qf3 Nh7 15. O-O-O
O-O 16. Bxd7 Qxd7 17. Qg3 Kh8 18. Ng6+ Nxg6 19. hxg6 Ng5 20. Rh5 Kg8 21. Rdh1 b5
22. Bxg5 fxg5 23. Nd1 Qe7 24. Ne3 Bxe3+ 25. Qxe3 Qf6 26. Qc3 Rac8 27. f3 g4 28.
fxg4 Qf4+ 29. Kb1 Qxe4 30. g5 Qxg2 31. gxh6 Qxg6 32. hxg7 Rf1+ 33. Ka2 Rxh1 34.
Rxh1 Kxg7 35. Qe3 Qxc2 36. Qh6+ Kf7 37. Qe6+ Kg7 38. Rg1+ Kh7 39. Qxc8 Qc4+ 40.
Ka1 {Black resigns} 1-0  aics%

[Event "Team 45 45 League T31"]
[Site "Internet Chess Club"]
[Date "2006.07.22"]
[Round "4"]
[White "ROWLAND"]
[Black "vvsi"]
[Result "1-0"]
[WhiteElo "1914"]
[BlackElo "1805"]
[TimeControl "2700+45"]

1. e4 e5 2. Nf3 Nc6 3. d4 exd4 4. Nxd4 Qh4 5. Nb5 Bb4+ 6. N1c3 Qxe4+ 7. Be2 Nf6
8. Nxc7+ Kd8 9. Nxa8 Qxg2 10. Bf3 Re8+ 11. Be3 Qh3 12. a3 Bxc3+ 13. bxc3 Ne5 14.
Bd5 Neg4 15. Qf3 Qh4 16. O-O-O Nxd5 17. Rxd5 Nxe3 18. fxe3 b6 19. Rhd1 Qa4 20.
Qxf7 Qc6 21. Rd6 Qb7 22. Qxg7 Re7 23. Qh8+ Re8 24. Qxh7 Re7 25. Qg8+ Re8 26. Qf7
Re7 27. Qf8+ Re8 28. Qf6+ Re7 29. Rg1 Qxa8 30. Rg8+ Kc7 31. Qxe7 Qh1+ 32. Kb2
Qxh2 33. Rxc8+ {Black resigns} 1-0  aics%

[Event "Team 45 45 League T31"]
[Site "Internet Chess Club"]
[Date "2006.07.17"]
[Round "4"]
[White "The-Rookie"]
[Black "LoseOften"]
[Result "1-0"]
[WhiteElo "1743"]
[BlackElo "1856"]
[TimeControl "2700+45"]

1. e4 c5 2. Nf3 d6 3. d4 cxd4 4. Nxd4 Nf6 5. Nc3 a6 6. Be3 Ng4 7. Bg5 h6 8. Bc1
e5 9. Nb3 Be7 10. Be2 Nf6 11. Be3 Be6 12. Qd2 b5 13. f3 Nbd7 14. O-O-O Nb6 15.
Kb1 Nc4 16. Bxc4 Bxc4 17. g4 a5 18. Rhg1 a4 19. Nc1 b4 20. Nd5 Nxd5 21. exd5 b3
22. cxb3 axb3 23. a3 O-O 24. Ne2 Qc8 25. Nc3 Qa6 26. Rg3 Bh4 27. Rh3 g5 28. Rxh4
gxh4 29. Bxh6 Kh7 30. Bxf8 Rxf8 31. Qg5 Bd3+ 32. Kc1 Rc8 33. Qxh4+ Kg6 34. Qh5+
Kg7 35. Qg5+ Kf8 36. Qh6+ Kg8 37. Qd2 Be2 38. Rg1 Bxf3 39. h4 Bxd5 40. Qxd5
Rxc3+ 41. bxc3 Qxa3+ 42. Kd2 Qb2+ 43. Kd3 Qc2+ 44. Kc4 b2 45. Qd1 d5+ 46. Kb4
Qe4+ 47. Kb3 b1=Q+ 48. Qxb1 Qc4+ 49. Kb2 Qb5+ 50. Kc1 Qe2 51. Rd1 Qe3+ 52. Kb2
Qb6+ 53. Kc2 Qf2+ 54. Rd2 Qxh4 55. Qb8+ Kh7 56. Qxe5 Qxg4 57. Qh2+ {Black
resigns} 1-0  aics%

[Event "Team 45 45 League T31"]
[Site "Internet Chess Club"]
[Date "2006.07.15"]
[Round "4"]
[White "fledermaus"]
[Black "Burning-Bush"]
[Result "1/2-1/2"]
[WhiteElo "2088"]
[BlackElo "2087"]
[TimeControl "2700+45"]

1. d4 Nf6 2. c4 c6 3. Nc3 d5 4. Nf3 g6 5. e3 Bg7 6. Bd3 O-O 7. O-O Bg4 8. cxd5
cxd5 9. Qb3 Bxf3 10. Qxb7 Bxg2 11. Kxg2 Qd7 12. Qxd7 Nbxd7 13. b3 Rfc8 14. Bb2
Rab8 15. Na4 Rc6 16. Rac1 Rbc8 17. f3 Nh5 18. Bb5 Rxc1 19. Rxc1 Rxc1 20. Bxc1
Nb6 21. Nxb6 axb6 22. Bc6 e6 23. Ba3 Bf8 24. Bxf8 Kxf8 25. Kf2 Ke7 26. Ke2 Kd6
27. Bb5 f6 28. a4 Ng7 29. Kd3 e5 30. dxe5+ fxe5 31. b4 Ne6 32. Ba6 Kc7 33. Kc3
Kc6 34. Bf1 Nc7 35. a5 bxa5 36. bxa5 Kc5 37. f4 exf4 38. exf4 Ne6 39. f5 gxf5
40. Bh3 d4+ 41. Kd2 Ng5 {Game drawn by mutual agreement} 1/2-1/2  aics%

[Event "Team 45 45 League T31"]
[Site "Internet Chess Club"]
[Date "2006.07.14"]
[Round "4"]
[White "nightly"]
[Black "EdBorowski"]
[Result "1/2-1/2"]
[WhiteElo "1909"]
[BlackElo "2031"]
[TimeControl "2700+45"]

1. c4 c6 2. Nf3 d5 3. Qc2 Nf6 4. g3 Bg4 5. Bg2 e6 6. O-O Nbd7 7. d4 dxc4 8. Qxc4
Be7 9. a3 O-O 10. b4 a5 11. b5 cxb5 12. Qxb5 Qb6 13. Qxb6 Nxb6 14. e3 Nbd5 15.
Ne5 Be2 16. Re1 Ba6 17. Bd2 a4 18. Nc3 Nxc3 19. Bxc3 Rfc8 20. Bb4 Rc7 21. Rec1
Rac8 22. Rxc7 Rxc7 23. Bxe7 Rxe7 24. Rc1 g6 25. Rc5 Kf8 26. h3 Ne8 27. Bf1 Bxf1
28. Kxf1 Rc7 29. Ra5 f6 30. Nf3 b5 31. Rxb5 Rc3 32. Nd2 {Game drawn by mutual
agreement} 1/2-1/2  aics%

[Event "Team 45 45 League T31"]
[Site "Internet Chess Club"]
[Date "2006.07.18"]
[Round "4"]
[White "Flying-Tiger"]
[Black "PaulKaspar"]
[Result "1/2-1/2"]
[WhiteElo "1933"]
[BlackElo "1880"]
[TimeControl "2700+45"]

1. d4 d5 2. c4 dxc4 3. Nf3 e6 4. e3 Nf6 5. Bxc4 Nbd7 6. Nc3 a6 7. a4 Bd6 8. O-O
O-O 9. e4 e5 10. Bg5 h6 11. Bh4 exd4 12. Qxd4 Bc5 13. Qd3 Bd6 14. Rfe1 Ne5 15.
Nxe5 Bxe5 16. Qc2 c6 17. Rad1 Qc7 18. Bxf6 Bxf6 19. Qd3 b5 20. axb5 cxb5 21. Bd5
Rb8 22. Rc1 Qe5 23. b3 Bb7 24. Bxb7 Rxb7 25. Nd5 Rd8 26. Red1 Rbb8 27. Rc6 a5
28. Rc5 a4 29. Rxb5 Rxb5 30. Qxb5 axb3 31. Nxf6+ Qxf6 32. Rxd8+ Qxd8 33. Qxb3
Qd4 34. Qb1 g6 35. g3 Kg7 36. Qe1 f6 37. Qb1 h5 38. h4 Qd7 39. Kg2 Qe7 40. Qd3
Qb7 41. Qd5 Qc7 42. Qd3 Qb7 43. f4 Qc7 44. Kf3 Qc1 45. f5 Qh1+ 46. Kf4 Qc1+ 47.
Kf3 Qh1+ 48. Ke3 Qg1+ 49. Kd2 Qf2+ 50. Kc3 Qc5+ 51. Kb3 Qb6+ 52. Kc3 Qc5+ 53.
Kd2 Qf2+ {Game drawn by mutual agreement} 1/2-1/2  aics%

[Event "Team 45 45 League T31"]
[Site "Internet Chess Club"]
[Date "2006.07.14"]
[Round "4"]
[White "viking99"]
[Black "Miles72"]
[Result "1-0"]
[WhiteElo "1819"]
[BlackElo "1759"]
[TimeControl "2700+45"]

1. e4 e6 2. d4 d5 3. Nc3 Bb4 4. e5 c5 5. Bd2 Bd7 6. Nb5 Bxb5 7. Bxb5+ Nc6 8.
Bxb4 cxb4 9. Qg4 Ne7 10. Qxg7 Rg8 11. Qxh7 Qb6 12. Bxc6+ Qxc6 13. g3 Kd7 14.
O-O-O b3 15. axb3 a5 16. Ne2 a4 17. bxa4 Qxa4 18. c3 Rg6 19. Nf4 Qb3 20. Nd3 b6
21. Kd2 Ra2 22. Rb1 Ke8 23. Rhc1 Nf5 24. Qh8+ Kd7 25. Qb8 Qc4 26. Qxb6 Rg4
{Black resigns} 1-0  aics%

[Event "Team 45 45 League T31"]
[Site "Internet Chess Club"]
[Date "2006.07.15"]
[Round "4"]
[White "narog"]
[Black "bondguy01"]
[Result "1-0"]
[WhiteElo "2049"]
[BlackElo "1681"]
[TimeControl "2700+45"]

1. d4 Nf6 2. Bf4 e6 3. e3 c5 4. c3 Be7 5. h3 O-O 6. Nd2 d5 7. Bd3 Nc6 8. Ngf3 c4
9. Bc2 b5 10. a3 a5 11. O-O Bb7 12. Qe2 b4 13. Ne5 Nxe5 14. dxe5 Ne4 15. Nxe4
dxe4 16. axb4 axb4 17. Qxc4 Rxa1 18. Rxa1 Qd2 19. Qc7 Qxc2 20. Qxb7 Qxb2 21. Rf1
bxc3 22. Qxe4 c2 23. Qc6 Qb1 24. e4 h6 25. Rc1 Ba3 26. Qxc2 Qxc2 27. Rxc2 Rd8
28. Be3 g5 29. Kf1 Bf8 30. Ke2 Bg7 31. Rc5 Rf8 32. Kf3 Kh7 33. Rb5 Kg6 34. Bc5
Rc8 35. Bd4 Rh8 36. Ke3 h5 37. Rb6 g4 38. hxg4 hxg4 39. Kf4 Kh5 40. Rb1 Bh6+ 41.
Kg3 Rd8 42. Rh1+ Kg6 43. Bc5 Rd3+ 44. Kxg4 Rc3 45. Bd6 Rc4 46. f3 Rc2 47. g3 Rc8
48. f4 Kh7 49. Be7 Rg8+ 50. Kf3 Kg6 51. g4 Bf8 52. f5+ exf5 53. exf5+ {Black
resigns} 1-0  aics%